 Dungeon Crawl Stone Soup version 0.30-a0-772-g5528072125 (webtiles) character file.

Game seed: 7330316145927204358

2133610 snackwell the Slayer (level 27, 223/248 HPs)
             Began as a Djinni Hedge Wizard on Feb 8, 2023.
             Was an Initiate of Gozag.
             Escaped with the Orb
             ... and 4 runes on Feb 12, 2023!
             The game lasted 07:24:36 (82664 turns).

snackwell the Slayer (Djinni Hedge Wizard)         Turns: 82664, Time: 07:24:37

Health: 223/248    AC: 25    Str:  9    XL:     27
Gold:   5859       EV: 29    Int: 31    God:    Gozag SH:  0 Dex: 15

rFire   . . .      SeeInvis +      - Unarmed
rCold   . . .      Faith    .    (shield currently unavailable)
rNeg    . . .      Spirit   .    (body armour currently unavailable)
rPois   ∞          Reflect  .    (helmet currently unavailable)
rElec   +          Harm     .    (cloak currently unavailable)
rCorr   .          Rampage  .    (gloves currently unavailable)
Will    ++...                    (boots unavailable)
Stlth   ++                       M - amulet of regeneration
HPRegen 1.41/turn                y - ring of see invisible
MPRegen 0.00/turn                f - ring "Aboclerr" {AC+4 Int+3}

@: storm-form, gold aura, flying, studying 2 skills
A: cleaving, insubstantial, flying, sickness immunity, (fire resistance 2),
(cold vulnerability 1), float, innate caster, HP casting, extra vitality 1,
(horns 1), robust 1
0: Orb of Zot
}: 4/15 runes: decaying, slimy, silver, gossamer
a: Blinkbolt, End Transformation, Renounce Religion, Potion Petition, Call
Merchant, Bribe Branch


You escaped.
You worshipped Gozag.
Gozag was greatly pleased with you.
You were a lightning-filled tempest!
You visited 11 branches of the dungeon, and saw 53 of its levels.
You also visited: Ice Cave, Volcano and Desolation.

You collected 32919 gold pieces.
You spent 581 gold pieces at shops.
You paid 26479 gold pieces to Gozag.

Inventory:

Hand Weapons
 a - a +8 demon trident of draining (melded)
   (You found it on level 5 of the Lair of Beasts)
Missiles
 p - 26 silver javelins
 H - 7 boomerangs of dispersal
 R - 9 curare-tipped darts
 V - 21 javelins
Armour
 b - a +2 cloak of preservation (melded)
   (You found it on level 2 of the Lair of Beasts)
 j - the +0 pair of gloves of the Bells {rC+ rN+ MP+9 Str-2}
   (You found it on level 3 of the Realm of Zot)

   Str:       It affects your strength (-2).
   rC:        It protects you from cold.
   rN:        It protects you from negative energy.
   MP:        It affects your magic capacity (+9).
 t - the +3 warlock's mirror (melded) {omnireflect}
   (You found it on level 5 of the Vaults)

   Omnireflect: It can block and reflect piercing ranged attacks and magical
   attacks against the wielder's willpower.
 K - the +1 ring mail of the Eight Invaders (melded) {rC+ Int+3}
   (You bought it in a shop on level 1 of the Lair of Beasts)

   Int:       It affects your intelligence (+3).
   rC:        It protects you from cold.
 L - a +2 pair of gloves of stealth (melded)
   (You found it on level 4 of the Spider Nest)
 Y - the +2 helmet of Heresy (melded) {+Inv Will++ Int+2 Dex-4}
   (You found it on level 1 of the Spider Nest)

   Int:       It affects your intelligence (+2).
   Dex:       It affects your dexterity (-4).
   +Inv:      It lets you turn invisible.
   Will:      It greatly increases your willpower.
Jewellery
 f - the ring "Aboclerr" (right fist) {AC+4 Int+3}
   (You acquired it on level 4 of the Dungeon)

   [ring of protection]

   AC:        It affects your AC (+4).
   Int:       It affects your intelligence (+3).
 k - a +4 ring of slaying
   (You found it on level 1 of the Dungeon)
 y - a ring of see invisible (left fist)
   (You acquired it on level 4 of the Realm of Zot)
 z - the ring "Xuacegim" {rElec rCorr}
   (You found it on level 5 of the Pits of Slime)

   [ring of resist corrosion]

   rElec:     It insulates you from electricity.
   rCorr:     It protects you from acid and corrosion.
 M - an amulet of regeneration (around neck)
   (You found it on level 11 of the Dungeon)
 T - a +5 ring of evasion
   (You found it in the Desolation of Salt)
 Z - a ring of protection from cold
   (You found it on level 1 of the Depths)
Wands
 i - a wand of mindburst (12)
   (You found it on level 4 of the Lair of Beasts)
 r - a wand of iceblast (54)
   (You found it on level 5 of the Dungeon)
 F - a wand of light (9)
   (You found it on level 7 of the Dungeon)
 I - a wand of paralysis (51)
   (You found it on level 8 of the Dungeon)
 W - a wand of digging (2)
   (You found it on level 4 of the Vaults)
Scrolls
 c - 6 scrolls of silence
 l - 5 scrolls of magic mapping
 s - 8 scrolls of fog
 v - 3 scrolls of summoning
 w - 3 scrolls of blinking
 x - 17 scrolls of teleportation
 E - 8 scrolls of fear
 N - 5 scrolls of poison
Potions
 d - 4 potions of resistance
 e - 7 potions of might
 g - 5 potions of haste
 h - 3 potions of heal wounds
 m - 4 potions of cancellation
 q - 9 potions of lignification
 u - 17 potions of curing
 A - 8 potions of ambrosia
 B - 9 potions of mutation
 G - 2 potions of invisibility
 Q - 3 potions of berserk rage
 S - 3 potions of brilliance
Miscellaneous
 n - a condenser vane
   (You found it on level 3 of the Depths)
 o - a lightning rod (4/4)
   (You found it on level 2 of the Vaults)
 J - a phantom mirror
   (You found it on level 5 of the Vaults)
 O - a tin of tremorstones (2/2)
   (You found it on level 3 of the Elven Halls)
 P - a phial of floods
   (You found it on level 3 of the Elven Halls)
 X - a box of beasts
   (You found it on level 14 of the Dungeon)


   Skills:
 + Level 26.9 Fighting
 - Level 5.9 Short Blades
 - Level 9.8 Polearms
 - Level 9.0 Armour
 - Level 12.2 Dodging
 - Level 8.7 Stealth
 - Level 11.0 Shields
 + Level 21.9 Unarmed Combat
 + Level 22.8 Spellcasting
 - Level 13.0 Evocations


You couldn't memorise any spells.
You knew the following spells:

 Your Spells              Type           Power      Damage    Failure   Level
a - Magic Dart            Conj           100%       1d8       0%          1
b - Mephitic Cloud        Conj/Pois/Air  100%       N/A       0%          3
c - Summon Guardian Gole  Hex/Summ       100%       N/A       0%          3
d - Manifold Assault      Tloc           100%       N/A       0%          4
e - Slow                  Hex            100%       N/A       0%          1
f - Iron Shot             Conj/Erth      54%        9d10      0%          6
g - Agony                 Necr           100%       N/A       0%          5
h - Ozocubu's Refrigerat  Ice            54%        4d19      1%          7
i - Simulacrum            Ice/Necr       54%        N/A       0%          6
j - Haunt                 Necr/Summ      54%        N/A       1%          7
k - Storm Form            Tmut/Air       54%        N/A       1%          7
l - Infestation           Necr           54%        N/A       1%          8
m - Polar Vortex          Ice            54%        N/A       8%          9
o - Portal Projectile     Hex/Tloc       100%       N/A       0%          3
q - Call Imp              Summ           100%       N/A       0%          2
v - Poisonous Vapours     Pois/Air       100%       N/A       0%          2
w - Blink                 Tloc           100%       N/A       0%          2
y - Apportation           Tloc           100%       N/A       0%          1
Your spell library was empty.

Dungeon Overview and Level Annotations

Branches:
Dungeon (15/15)            Temple (1/1) D:4            Lair (5/5) D:10
  Swamp (4/4) Lair:3       Spider (4/4) Lair:3        Slime (5/5) Lair:5
    Orc (2/2) D:10            Elf (3/3) Orc:2        Vaults (5/5) D:13
  Crypt (0/3) Vaults:3     Depths (4/4) D:15            Zot (5/5) Depths:4
  IceCv (visited)         Volcano (visited)         Desolation (visited)

Altars:
Ashenzari
Cheibriados
Dithmenos
Elyvilon
Fedhas
Gozag
Hepliaklqana
Makhleb
Nemelex Xobeh
Okawaru
Qazlal
Ru
Trog
Uskayaw
Wu Jian
Xom
Yredelemnul
Zin
The Shining One
Jiyva

Shops:
D:5 ([*(   D:12 =   D:13 =   D:15 ?(   Orc:2 [:!:(   Elf:3 [   Lair:1 [[
Vaults:1 **?   Depths:1 ?

Portals:
Hell: Depths:1 Depths:2 Depths:3 Depths:4
Abyss: Depths:1 Depths:2 Depths:3
Pandemonium: Depths:2 Depths:4
Ziggurat: Depths:1
Trove: Elf:2 (give 5 potions of resistance)

Annotations:
Swamp:4 Lernaean hydra
Elf:2 3 runed translucent doors
Zot:5 6 transporters, 1 runed translucent door, Bealaq's ghost, legendary GnFE


Innate Abilities, Weirdness & Mutations

You are a lightning-filled tempest!
Your electrical attacks strike out in all directions at once.
You are incredibly evasive.
Your insubstantial body is immune to petrification, constriction, and being set on fire You are flying.
Your armour is entirely melded.
You are incapable of wielding weapons or throwing items.
You are immune to sickness and miasma.
You are immune to poison.
((Your flesh is very heat resistant. (rF++)))
((You are vulnerable to cold. (rC-)))
You float through the air rather than walking.
You learn spells naturally, not from books.
Your magical power is your life essence.
You have superior vitality. (+4 MHP)
((You have a pair of small horns on your head.))
You are robust. (+10% HP)


Message History

Confirm with . or Enter, or press ? or * to list all spells.
Space momentarily warps into an impossible shape!
You puncture the demonspawn corrupter! You hit the shadow demon.
You turn into a lightning-filled tempest!
Your +8 demon trident of draining melds into your body.
Your +2 cloak of preservation melds into your body.
The +2 helmet of Heresy {+Inv Will++ Int+2 Dex-4} melds into your body.
Your +2 pair of gloves of stealth melds into your body.
The +3 warlock's mirror {omnireflect} melds into your body.
The +1 ring mail of the Eight Invaders {rC+ Int+3} melds into your body.
You feel less stealthy.
Casting: Storm Form (mildly dangerous; 1% risk of failure)
Confirm with . or Enter, or press ? or * to list all spells.
Space momentarily warps into an impossible shape!
You blast the demonspawn corrupter!!!!
Lightning courses through the demonspawn corrupter!
You kill the demonspawn corrupter!
You hit the shadow demon.
Lightning courses through the shadow demon!
Casting: Manifold Assault (safe; 0% risk of failure)
Confirm with . or Enter, or press ? or * to list all spells.
Space momentarily warps into an impossible shape!
You blast the shadow demon!!!
Lightning courses through the shadow demon!
You kill the shadow demon!
You now have 5859 gold pieces (gained 15).
Things that are here:
a +0 dire flail; a +0 scale mail
There is a staircase leading out of the dungeon here.
Okay, then.
Unknown command.
Unknown command.
Really quaff the potion of mutation?
You feel extremely strange.
You feel a hidden malignance growing inside you.
You feel agile.
Really quaff the potion of mutation?
You feel extremely strange.
You feel clumsy.
You no longer feel a malignance within.
You feel robust. A pair of horns grows on your head!
You are a lightning-filled tempest!
You are flying.
You are studying Stealth and Evocations.
Your flying speed is average.
Your attack delay is about 0.5.
Your damage rating with unarmed combat is about 87 (Base [41 + 21 (UC)] x 97% (Str) x 144% (Fight)).
Your base attributes are Str 9, Int 28, Dex 15.
Unknown command.
Unknown command.
Unknown command.
Unknown command.
You have escaped!

##
#..........#.....#.....#.#
#...######.'#...##.....#.#
#...# ##....#####......#.#
#...# #..##..####......#[#
##### #.####...........#.#
#+###'....[......#.#
##...##.........##..
#.....#.....#......#
#..v).#.....###.....
#.....#.....######..
##...##.......# #.)
######.......####.#
#....###........# #.####
#......... ##.# ##........
##..# #........ #..##
#........


There were no monsters in sight!

Vanquished Creatures
  2 dread liches (Zot:5)
  2 pandemonium lords
  2 orbs of fire
  3 ancient liches
  Mennas (Vaults:4)
  Mara (Spider:4)
  6 Killer Klowns
  2 curse toes (Zot:5)
  11 golden dragons
  Nikola (Elf:3)
  2 bone dragons (Zot:3)
  A Brimstone Fiend (Zot:1)
  2 hellephants
  4 electric golems
  19 tentacled monstrosities
  15 Orb Guardians
  3 titans (Vaults:5)
  Asterion (Spider:2)
  A walking divine tome (Depths:2)
  A walking frostbound tome (Depths:2)
  6 liches
  A quicksilver dragon (shapeshifter) (Depths:2)
  3 deep elf master archers (Elf:3)
  4 quicksilver dragons
  3 sphinxes
  Frances (Swamp:1)
  Gastronok (Lair:1)
  17 acid blobs
  Kirke (Spider:3)
  5 shadow dragons
  21 storm dragons
  Agnes (Elf:1)
  8 death cobs
  2 tengu reavers
  3 draconian monks
  A daeva (Depths:1)
  A fenstrider witch (Swamp:4)
  9 azure jellies
  Roxanne (Spider:1)
  The ghost of Ozxa the Eclecticist, an adept DjCA of Ignis (Swamp:4)
  15 frost giants
  10 fire giants
  9 rockslimes
  5 deep elf sorcerers
  9 emperor scorpions
  3 iron dragons
  22 vault wardens
  2 imperial myrmidons (Desolation)
  9 draconian knights
  10 draconian scorchers
  4 spectral caustic shrikes (Depths:2)
  7 ghost moths
  Louise (Elf:2)
  10 draconian shifters
  2 ghouls (Swamp:4)
  4 deep elf elementalists
  7 draconian annihilators
  4 war gargoyles
  A draconian stormcaller (Zot:1)
  A cacodemon (Depths:1)
  11 stone giants
  24 ironbound preservers
  3 orc warlords
  9 ironbound thunderhulks
  The ghost of Imiczer the Cleaver, a journeyman FoFi of Okawaru (D:14)
  6 quicksilver oozes
  3 broodmothers
  2 reapers
  3 spriggan defenders
  14 very ugly things
  12 green draconians
  A demonspawn corrupter (D:1)
  17 black draconians
  6 vampire knights
  A deep elf demonologist (Elf:3)
  29 dire elephants
  3 eleionomae
  16 yellow draconians
  8 deep elf annihilators
  8 red draconians
  11 spark wasps
  5 bunyips
  15 purple draconians
  8 white draconians
  3 crystal guardians
  The ghost of Haaf the Nimble, a journeyman MfHu (D:13)
  2 deep elf death magi (Elf:3)
  13 ettins
  The ghost of boo the Martial Artist, a journeyman DsMo of Okawaru (Lair:4)
  9 deep elf high priests
  11 fire dragons
  4 entropy weavers
  A green death (D:11)
  A ragged hierophant (Desolation)
  2 merfolk impalers (Depths:3)
  18 great orbs of eyes
  10 ice dragons
  A great orb of eyes (shapeshifter) (Vaults:5)
  20 yaktaur captains
  7 servants of whispers (Desolation)
  34 vault guards
  A shambling mangrove (Swamp:4)
  A salamander tyrant (Depths:3)
  A jorogumo (Spider:2)
  3 hell beasts
  15 ironbound frosthearts
  2 catoblepae
  3 radroaches
  7 peacekeepers
  2 rakshasas
  4 spriggan air magi
  17 hydras
  13 centaur warriors
  2 ghost crabs
  A radroach (shapeshifter) (Elf:1)
  2 ogre magi
  3 two-headed ogres
  A merfolk avatar (Lair:5)
  7 alligators
  5 deep troll earth magi
  21 death yaks
  5 deep troll shamans
  15 boulder beetles
  5 tengu warriors
  15 dancing weapons
  3 vampire magi
  7 spriggan berserkers
  An orc high priest (Orc:1)
  A titan zombie (Vaults:5)
  A sun demon (D:15)
  6 skeletal warriors (D:12)
  16 hell knights
  2 fire crabs (Lair:2)
  13 iron trolls
  17 deep elf knights
  73 deep trolls
  2 shadow demons
  3 salamander mystics (Depths:3)
  2 pharaoh ants
  13 orb spiders
  2 sixfirhies
  3 sun moths
  4 goliath frogs
  3 soul eaters (Zot:3)
  A quicksilver dragon simulacrum (Depths:4)
  7 bog bodies
  2 sea snakes (Lair:5)
  17 ironbound convokers
  11 wizards
  2 death drakes (Zot:3)
  9 glowing orange brains
  13 swamp dragons
  6 steelbarb worms
  A flayed ghost (Depths:4)
  An obsidian statue (Zot:3)
  10 deep elf archers
  5 spriggan druids
  6 lindwurms
  Pikel (D:7)
  9 phantasmal warriors
  9 orc knights
  An orange crystal statue (IceCv)
  A wolf spider (shapeshifter) (Vaults:5)
  25 deep elf pyromancers
  25 deep elf zephyrmancers
  9 necromancers
  15 harpies
  24 wolf spiders
  11 manticores
  A cyclops (shapeshifter) (Vaults:5)
  7 shining eyes
  53 ugly things
  14 orc sorcerers
  A moth of wrath (shapeshifter) (Vaults:5)
  6 will-o-the-wisps
  9 salamanders (Depths:3)
  6 cyclopes
  25 moths of wrath
  4 elephants (Lair:4)
  A guardian serpent (Desolation)
  27 vault sentinels
  10 molten gargoyles
  5 black mambas
  A cane toad (shapeshifter) (Elf:1)
  3 gargoyles
  5 torpor snails
  12 demonic crawlers
  A torpor snail (shapeshifter) (Vaults:5)
  3 smoke demons
  13 cane toads
  4 eyes of devastation
  2 stone giant skeletons
  2 orange demons
  57 yaktaurs
  2 kobold demonologists
  5 unseen horrors
  17 rime drakes
  2 ice devils
  4 efreet
  2 freezing wraiths (Elf:3)
  13 komodo dragons
  2 tengu conjurers (Depths:2)
  2 guardian mummies (Zot:3)
  6 meliai
  10 trolls
  2 meliai (shapeshifter)
  A bloated husk (Swamp:4)
  12 tyrant leeches
  15 polar bears
  A polar bear (shapeshifter) (Vaults:5)
  28 hornets
  A spriggan zombie (Swamp:3)
  31 tarantellas
  A death drake skeleton (Swamp:3)
  29 saltlings (Desolation)
  6 blink frogs (Lair:4)
  13 dream sheep
  32 jumping spiders
  A flying skull (Vaults:3)
  94 slime creatures
  Sigmund (D:3)
  24 culicivoras
  9 water elementals
  A jumping spider (shapeshifter) (Vaults:4)
  16 spriggans
  2 spriggan skeletons
  23 yaks
  3 air elementals
  3 small abominations (Depths:3)
  7 wraiths
  2 ynoxinuls
  4 wyverns
  4 shadows
  5 fire elementals
  4 basilisks
  A vampire (D:12)
  2 fire bats (Lair:2)
  22 golden eyes
  A hog (Spider:3)
  8 large abominations (Depths:3)
  17 vampire mosquitoes
  7 steam dragons
  3 chaos spawn (Depths:3)
  66 redbacks
  A yaktaur simulacrum (Vaults:5)
  11 swamp worms
  7 wargs (Orc:2)
  4 acid dragons
  13 water moccasins
  2 glowing shapeshifter skeletons (Depths:1)
  A glowing shapeshifter zombie (Depths:1)
  A hell hound (Volcano)
  22 orc warriors
  A floating eye (Slime:3)
  9 swamp drakes
  A sky beast (D:7)
  9 ogres
  2 ice beasts
  A boggart (D:13)
  9 centaurs
  19 wolves
  A phantom (D:4)
  6 kobold brigands
  8 bullfrogs
  4 scorpions
  A necrophage (Swamp:4)
  3 earth elementals
  4 gnoll sergeants
  4 wights
  4 killer bees (D:9)
  2 howler monkeys
  6 electric eels
  6 hounds
  A jelly (D:5)
  14 orc priests
  12 human skeletons (Vaults:2)
  3 iguanas
  Terence (D:3)
  42 orc wizards
  7 hell rats (Lair:2)
  A boggart simulacrum (D:15)
  18 gnolls
  7 adders
  A shadow imp (D:5)
  2 white imps (D:7)
  An ufetubus (D:6)
  2 worms
  2 dart slugs (D:1)
  102 orcs
  5 ball pythons
  6 endoplasms
  4 giant cockroaches
  3 goblins
  8 hobgoblins
  15 jackals
  27 kobolds
  10 quokkas
  9 bats
  3 frilled lizards
  8 rats
2518 creatures vanquished.

Vanquished Creatures (collateral kills)
  the Royal Jelly (Slime:5)
  Arachne (Spider:2)
  A tentacled monstrosity (Zot:4)
  A lich (Zot:3)
  4 Orb Guardians (Zot:5)
  2 quicksilver dragons
  A deep elf blademaster (Elf:3)
  The ghost of Oxoag the Blocker, an adept GnFi of Okawaru (Spider:1)
  An acid blob (Slime:5)
  2 shadow dragons
  A sphinx (Vaults:2)
  2 death cobs
  2 storm dragons (Zot:4)
  2 draconian monks (Zot:4)
  A rockslime (Slime:5)
  3 draconian knights
  3 draconian scorchers
  2 vault wardens
  A draconian shifter (Zot:4)
  2 draconian stormcallers
  A quicksilver ooze (Slime:5)
  2 draconian annihilators
  3 ironbound preservers
  An ironbound thunderhulk (Vaults:2)
  3 green draconians (Zot:4)
  A purple draconian (Zot:4)
  3 black draconians
  A white draconian (Zot:4)
  A red draconian (Zot:4)
  4 yellow draconians
  A fire dragon (Volcano)
  A deep elf high priest (Elf:3)
  A great orb of eyes (Vaults:2)
  7 vault guards (Vaults:5)
  A storm dragon zombie (Zot:3)
  A soul eater (Zot:3)
  An iron troll (Depths:1)
  2 deep trolls (Depths:1)
  A slime creature (Vaults:4)
  A phantasmal warrior (Vaults:5)
  2 wolf spiders (Spider:2)
  3 moths of wrath (Zot:4)
  A meliai (Spider:2)
  2 saltlings (Desolation)
  2 tarantellas (Spider:2)
  2 jumping spiders (Spider:2)
  2 redbacks (Spider:2)
  A killer bee (D:9)
  A gnoll (D:6)
  An orc (D:6)
88 creatures vanquished.

Vanquished Creatures (others)
  4 dread liches
  An ancient lich (Zot:5)
  An orb of fire (Zot:5)
  2 Killer Klowns (Zot:5)
  A curse toe (Zot:4)
  An electric golem (Zot:5)
  3 tentacled monstrosities (Zot:5)
  7 Orb Guardians (Zot:5)
  A deep elf blademaster (Elf:3)
  A deep elf master archer (Elf:3)
  2 storm dragons
  A frost giant (Depths:3)
  A draconian monk (Zot:4)
  5 draconian knights
  2 draconian scorchers
  5 draconian shifters
  A draconian stormcaller (Zot:4)
  3 draconian annihilators
  2 black draconians (Zot:5)
  2 green draconians (Zot:3)
  A white draconian (Zot:3)
  4 yellow draconians
  2 purple draconians
  3 red draconians
  2 hydras
  A two-headed ogre (D:11)
  2 death yaks
  A deep elf pyromancer (Elf:2)
  An ugly thing (D:11)
  An elephant (Lair:4)
  2 black mambas (Lair:4)
  A demonic crawler (Spider:1)
  A cane toad (D:10)
  2 blink frogs (Lair:4)
  A dream sheep (Lair:4)
  2 yaks (Lair:1)
  A redback (Spider:1)
  A swamp worm (Lair:3)
  A water moccasin (Lair:1)
  An ice beast (D:5)
  A wolf (Lair:5)
  A bullfrog (Lair:4)
  2 wights (D:6)
  A gnoll bouda (D:6)
  A hell rat (Lair:4)
  An orc wizard (D:15)
  8 foxfires
  38 fungi
  62 plants
192 creatures vanquished.

Grand Total: 2798 creatures vanquished

Notes
Turn   | Place    | Note
-------+----------+-------------------------------------------
     0 | D:1      | snackwell the Djinni Hedge Wizard began the quest for the
                  | Orb.
     0 | D:1      | snackwell set off with the following spells memorised:
                  | Magic Dart, Slow, Blink, Call Imp, Mephitic Cloud.
     0 | D:1      | Reached XP level 1. HP: 15/15 MP: 0/0
   107 | D:1      | Reached XP level 2. HP: 15/22 MP: 0/0
   267 | D:1      | Reached skill level 1 in Fighting
   400 | D:1      | Reached XP level 3. HP: 25/27 MP: 0/0
   400 | D:1      | Learned a level 1 spell: Apportation
  1009 | D:2      | Reached XP level 4. HP: 22/33 MP: 0/0
  1233 | D:2      | Reached skill level 2 in Fighting
  1443 | D:2      | Reached XP level 5. HP: 35/38 MP: 0/0
  1443 | D:2      | Learned a level 2 spell: Poisonous Vapours
  1847 | D:3      | Found a sparkling altar of Nemelex Xobeh.
  1928 | D:3      | You are sucked into a shaft and drop 2 floors!
  1928 | D:5      | Entered Level 5 of the Dungeon
  2015 | D:5      | Reached skill level 3 in Fighting
  2015 | D:5      | Reached XP level 6. HP: 23/46 MP: 0/0
  2497 | D:5      | Noticed an ogre
  2499 | D:5      | Found Huturchopt's Antique Weapon Shop.
  2516 | D:5      | Killed an ogre
  2517 | D:5      | Reached skill level 5 in Spellcasting
  2517 | D:5      | Reached XP level 7. HP: 23/51 MP: 0/0
  2517 | D:5      | Learned a level 3 spell: Summon Guardian Golem
  2701 | D:4      | Found an opulent altar of Gozag.
  2756 | D:4      | Reached skill level 4 in Fighting
  2904 | D:3      | Noticed Terence
  2917 | D:3      | Killed Terence
  2973 | D:3      | Found a faded altar of an unknown god.
  3040 | D:3      | Noticed Sigmund
  3689 | D:3      | Killed Sigmund
  3690 | D:3      | Reached XP level 8. HP: 47/58 MP: 0/0
  3817 | D:4      | Identified a scroll of acquirement
  3817 | D:4      | Acquired the ring "Aboclerr" {AC+4 Int+3}
  4055 | D:4      | Found a shadowy altar of Dithmenos.
  4062 | D:4      | Found a staircase to the Ecumenical Temple.
  4143 | D:4      | Reached skill level 5 in Fighting
  4872 | D:5      | Found Nunuhoucw's Assorted Antiques.
  5143 | D:5      | Found Syos's Antique Armour Emporium.
  5168 | D:5      | Reached XP level 9. HP: 52/66 MP: 0/0
  5168 | D:5      | Learned a level 3 spell: Portal Projectile
  5271 | D:5      | Found Doer Nulus's Weapon Shoppe.
  5529 | D:6      | Reached skill level 6 in Fighting
  5816 | D:6      | Identified the +8 short sword "Oleomuza" {flame, Str+4
                  | Dex+3 Stlth+}
  6666 | D:7      | Noticed Pikel
  6901 | D:7      | Reached skill level 7 in Fighting
  6931 | D:7      | Found a blossoming altar of Fedhas.
  7456 | D:7      | Killed Pikel
  7457 | D:7      | Reached XP level 10. HP: 65/76 MP: 0/0
  7834 | Temple   | Entered the Ecumenical Temple
  8017 | D:4      | Became a worshipper of Gozag Ym Sagoz the Greedy
  8122 | D:8      | Reached skill level 1 in Armour
  8122 | D:8      | Reached skill level 1 in Evocations
  8268 | D:8      | Reached skill level 8 in Fighting
  9348 | D:9      | Found a hide-covered altar of Uskayaw.
  9768 | D:9      | Reached XP level 11. HP: 82/82 MP: 0/0
  9768 | D:9      | Learned a level 4 spell: Manifold Assault
  9957 | D:9      | Reached skill level 5 in Dodging
 10363 | D:10     | Entered Level 10 of the Dungeon
 10535 | D:10     | Reached skill level 9 in Fighting
 10588 | D:10     | Found a staircase to the Lair.
 10619 | D:10     | Found a staircase to the Orcish Mines.
 10815 | D:10     | Noticed a two-headed ogre
 10850 | D:10     | Killed a two-headed ogre
 10851 | D:10     | Reached skill level 1 in Short Blades
 11140 | D:11     | Noticed a manticore
 11150 | D:11     | Killed a manticore
 11480 | D:11     | Noticed a two-headed ogre
 11498 | D:11     | Killed a two-headed ogre
 11499 | D:11     | Reached skill level 5 in Armour
 11499 | D:11     | Reached skill level 5 in Evocations
 11913 | D:11     | Noticed a brown ugly thing
 11925 | D:11     | Killed a brown ugly thing
 12149 | Lair:1   | Entered Level 1 of the Lair of Beasts
 12260 | Lair:1   | Reached XP level 12. HP: 77/91 MP: 0/0
 12369 | Lair:1   | Noticed a seven-headed hydra
 12388 | Lair:1   | Killed a seven-headed hydra
 12396 | Lair:1   | Reached skill level 10 in Fighting
 12659 | Lair:1   | Noticed Gastronok
 12686 | Lair:1   | Killed Gastronok
 13152 | Lair:1   | Noticed a death yak
 13175 | Lair:1   | Noticed a death yak
 13179 | Lair:1   | Killed a death yak
 13183 | Lair:1   | Noticed a death yak
 13191 | Lair:1   | Killed a death yak
 13197 | Lair:1   | Killed a death yak
 13401 | Lair:2   | Noticed a death yak
 13402 | Lair:2   | Noticed a death yak
 13404 | Lair:2   | Noticed a death yak
 13405 | Lair:2   | Noticed a death yak
 13405 | Lair:2   | Noticed a death yak
 13406 | Lair:2   | Noticed a death yak
 13426 | Lair:2   | Killed a death yak
 13427 | Lair:2   | Reached skill level 5 in Short Blades
 13427 | Lair:2   | Killed a death yak
 13428 | Lair:2   | Reached XP level 13. HP: 75/97 MP: 0/0
 13428 | Lair:2   | Learned a level 5 spell: Agony
 13541 | Lair:2   | Reached skill level 11 in Fighting
 13775 | Lair:2   | Found a transporter.
 13894 | Lair:2   | Found a transporter.
 14471 | Lair:2   | Upgraded the game from 0.30-a0-743-gbfdf073431 to
                  | 0.30-a0-748-ge6a52f7cba
 14536 | Lair:3   | Found a hole to the Spider Nest.
 14623 | Lair:3   | Noticed a five-headed hydra
 14632 | Lair:3   | Killed a five-headed hydra
 15469 | Lair:3   | Reached skill level 12 in Fighting
 15469 | Lair:3   | Reached XP level 14. HP: 91/107 MP: 0/0
 15724 | Lair:3   | Found a staircase to the Swamp.
 16202 | Lair:4   | Reached skill level 10 in Spellcasting
 16445 | Lair:4   | Found a runed translucent gate.
 16445 | Lair:4   | Found a runed translucent gate.
 16445 | Lair:4   | Found a runed translucent gate.
 16445 | Lair:4   | Noticed an azure jelly
 16445 | Lair:4   | Noticed an acid blob
 16446 | Lair:4   | Noticed an azure jelly
 16446 | Lair:4   | Noticed an azure jelly
 16446 | Lair:4   | Noticed boo's ghost (journeyman DsMo)
 16446 | Lair:4   | Noticed an azure jelly
 16446 | Lair:4   | Noticed an acid blob
 16446 | Lair:4   | Noticed an azure jelly
 16446 | Lair:4   | Noticed an azure jelly
 16447 | Lair:4   | Found a viscous altar of Jiyva.
 16573 | Lair:4   | Reached skill level 10 in Evocations
 17147 | Lair:5   | Entered Level 5 of the Lair of Beasts
 17190 | Lair:5   | Reached skill level 10 in Dodging
 17225 | Lair:5   | Found a dark tunnel.
 17241 | Volcano  | Entered a volcano
 17657 | Volcano  | Identified the +5 helmet "Wierr" {Contam Dex-3 Slay+5
                  | Stlth+}
 17756 | Lair:5   | Upgraded the game from 0.30-a0-748-ge6a52f7cba to
                  | 0.30-a0-757-ga6a79fd877
 18110 | Lair:5   | Reached XP level 15. HP: 71/113 MP: 0/0
 18110 | Lair:5   | Learned a level 6 spell: Iron Shot
 18177 | Lair:5   | Reached skill level 13 in Fighting
 18581 | Lair:5   | Found a hide-covered altar of Uskayaw.
 18590 | Lair:5   | Found an ornate altar of the Wu Jian Council.
 18732 | Lair:5   | Reached skill level 5 in Stealth
 19234 | Lair:5   | Identified the +5 halberd of Noyr Otreego {heavy, Will+}
 19316 | Lair:5   | Found a viscous altar of Jiyva.
 19316 | Lair:5   | Found a staircase to the Slime Pits.
 19797 | Lair:1   | Bought a masterwork ring mail for 171 gold pieces
 19797 | Lair:1   | Identified the +1 ring mail of the Eight Invaders {rC+
                  | Int+3} (You bought it in a shop on level 1 of the Lair of
                  | Beasts)
 19797 | Lair:1   | Bought a crude cloak for 180 gold pieces
 19797 | Lair:1   | Identified the +0 cloak "Paobihub" {Drain rElec Str+5
                  | Dex+2} (You bought it in a shop on level 1 of the Lair of
                  | Beasts)
 19834 | Orc:1    | Entered Level 1 of the Orcish Mines
 19893 | Orc:1    | Reached skill level 1 in Polearms
 20253 | Orc:2    | Entered Level 2 of the Orcish Mines
 20395 | Orc:2    | Found a staircase to the Elven Halls.
 20412 | Orc:2    | Found Reilaciu's Armour Emporium.
 20634 | Orc:2    | Noticed an orc warlord
 20698 | Orc:2    | Killed an orc warlord
 21291 | Orc:2    | Reached skill level 14 in Fighting
 21310 | Orc:2    | Found Peibudes's Distillery.
 21310 | Orc:2    | Found Xittewk's Book Emporium.
 21501 | Orc:2    | Found Muxkag's Weapon Shop.
 21501 | Orc:2    | Found Jomam's Book Emporium.
 21852 | Spider:1 | Entered Level 1 of the Spider Nest
 21918 | Lair:3   | Reached XP level 16. HP: 123/123 MP: 0/0
 22233 | Spider:1 | Identified Roxanne's Secrets of Oromancy
 22233 | Spider:1 | Noticed Roxanne
 22284 | Spider:1 | Noticed an emperor scorpion
 22304 | Spider:1 | Killed an emperor scorpion
 22400 | Spider:1 | Identified the +1 mace "Wastrid" {protect, *Noise rCorr
                  | Str+5 Dex+3}
 22725 | Spider:1 | Noticed an emperor scorpion
 22748 | Spider:1 | Killed an emperor scorpion
 23100 | Spider:1 | Noticed an emperor scorpion
 23113 | Spider:1 | Found a transporter.
 23117 | Spider:1 | Noticed Oxoag's ghost (adept GnFi)
 23131 | Spider:1 | Found a transporter.
 23943 | Spider:1 | Killed Roxanne
 24499 | Spider:2 | HP: 4/124 [redback (5)]
 25354 | Spider:2 | Noticed an emperor scorpion
 25456 | Spider:2 | Reached skill level 5 in Polearms
 25649 | Spider:2 | Reached skill level 15 in Fighting
 25995 | Spider:2 | Reached XP level 17. HP: 44/131 MP: 0/0
 25995 | Spider:2 | Learned a level 7 spell: Ozocubu's Refrigeration
 26233 | Spider:2 | Noticed Arachne
 26456 | Spider:2 | Killed Arachne
 27254 | Spider:3 | Noticed Asterion
 27361 | Spider:2 | Killed Asterion
 27563 | Spider:3 | Noticed Kirke
 27601 | Spider:3 | Killed Kirke
 28199 | Spider:3 | Reached skill level 16 in Fighting
 29114 | Spider:4 | Entered Level 4 of the Spider Nest
 29787 | Spider:4 | Noticed Mara
 29819 | Spider:4 | Killed Mara
 29893 | Spider:4 | Reached XP level 18. HP: 112/140 MP: 0/0
 31116 | Spider:4 | Got a gossamer rune of Zot
 31445 | Swamp:1  | Entered Level 1 of the Swamp
 32313 | Swamp:2  | Reached skill level 17 in Fighting
 32347 | Swamp:2  | Noticed Frances
 32475 | Swamp:1  | Killed Frances
 32943 | Swamp:2  | Reached skill level 15 in Spellcasting
 33427 | Swamp:3  | Noticed a tentacled monstrosity
 33433 | Swamp:3  | Killed a tentacled monstrosity
 34181 | Swamp:4  | Entered Level 4 of the Swamp
 34228 | Swamp:4  | Reached XP level 19. HP: 127/148 MP: 0/0
 34228 | Swamp:4  | Learned a level 6 spell: Simulacrum
 34734 | Swamp:4  | Found a runed translucent door.
 34734 | Swamp:4  | Noticed Ozxa's ghost (adept DjCA)
 35448 | Swamp:4  | Noticed the 27-headed Lernaean hydra
 35751 | Swamp:4  | Got a decaying rune of Zot
 35950 | D:12     | Identified the +1 scale mail "Joefoleh" {Str+3}
 36501 | D:12     | Found Uhiu's Jewellery Shop.
 37666 | D:12     | Identified the +4 hand axe "Diapoux" {spect, Str+2}
 37916 | D:12     | Reached skill level 18 in Fighting
 38595 | D:12     | Reached XP level 20. HP: 143/157 MP: 0/0
 38833 | D:13     | Found a gate to the Vaults.
 38978 | D:13     | Noticed Haaf's ghost (journeyman MfHu)
 39078 | D:13     | Found a runed translucent gate.
 39078 | D:13     | Found a runed translucent gate.
 39078 | D:13     | Found a runed translucent gate.
 39693 | D:13     | Killed Haaf's ghost
 39787 | D:13     | Identified the ring of Neax {Drain Fly rC+ Int+2}
 39911 | D:14     | Found a runed translucent door.
 40340 | D:14     | Noticed Imiczer's ghost (journeyman FoFi)
 40464 | D:14     | Acquired a manual of Stealth
 40906 | D:14     | Killed Imiczer's ghost
 41472 | D:15     | Entered Level 15 of the Dungeon
 41489 | D:15     | Found Inajyola's Antique Weapon Shoppe.
 41575 | D:15     | Reached skill level 1 in Shields
 41791 | D:15     | Found Nuty's Magic Scroll Shop.
 41813 | D:15     | Identified the +11 falchion of Contumacious Fortitude
                  | {flame, rF+ rC+ Will+}
 42018 | D:15     | Found a staircase to the Depths.
 42500 | Elf:1    | Entered Level 1 of the Elven Halls
 42502 | Elf:1    | Noticed Agnes
 42505 | Elf:1    | Killed Agnes
 43263 | Elf:1    | Reached skill level 5 in Shields
 43805 | Elf:2    | Reached XP level 21. HP: 165/165 MP: 0/0
 43805 | Elf:2    | Learned a level 7 spell: Haunt
 43907 | Elf:2    | Found a portal to a secret trove of treasure.
 44028 | Elf:2    | Identified the +3 rapier of Floods {elec, rF+ Int+2 Stlth+}
 44083 | Elf:2    | Reached skill level 19 in Fighting
 44232 | Elf:2    | Found a runed translucent gate.
 44232 | Elf:2    | Found a runed translucent gate.
 44233 | Elf:2    | Found a runed translucent gate.
 44445 | Elf:3    | Entered Level 3 of the Elven Halls
 44445 | Elf:3    | Noticed Louise
 44612 | Elf:2    | Killed Louise
 44850 | Elf:3    | Found Azefubb's Antique Armour Emporium.
 44860 | Elf:3    | Found a frozen archway.
 44941 | IceCv    | Entered an ice cave
 46481 | Elf:3    | Noticed Nikola
 46495 | Elf:3    | Killed Nikola
 46841 | Elf:3    | Paralysed by an air elemental for 1 turns
 47846 | Elf:3    | Reached skill level 10 in Shields
 47891 | Elf:3    | Identified the +2 crystal plate armour "Zibrehit" {Str+2}
 48080 | Elf:3    | Reached XP level 22. HP: 125/173 MP: 0/0
 48440 | Elf:3    | Identified the +0 plate armour of the Candlemaker {Int+4}
 48440 | Elf:3    | Identified the amulet "Cuopt" {Faith Dex+3 Slay+3}
 48540 | Elf:3    | Identified the +5 scimitar of Xeihock {flame, Str+3}
 48601 | Elf:3    | Identified the +11 great mace of the Sixty-Six Spines
                  | {flame, rF+++ Str+3 Dex-3 SInv}
 48830 | Elf:3    | Identified the +0 helmet of the Komodo Dragon {rPois}
 49158 | Vaults:1 | Entered Level 1 of the Vaults
 49686 | Vaults:1 | Found Qotetaupn's Assorted Antiques.
 50002 | Vaults:1 | Found Tivey's Magic Scroll Boutique.
 50264 | Vaults:1 | Reached skill level 20 in Fighting
 50494 | Vaults:1 | Upgraded the game from 0.30-a0-757-ga6a79fd877 to
                  | 0.30-a0-760-g5a9884bb7c
 51869 | Vaults:2 | Reached XP level 23. HP: 162/182 MP: 0/0
 51869 | Vaults:2 | Learned a level 7 spell: Storm Form
 51887 | Vaults:2 | Reached skill level 1 in Unarmed Combat
 52343 | Vaults:2 | Reached skill level 5 in Unarmed Combat
 53766 | Vaults:3 | Found a crumbling gateway.
 53777 | Desolati | Entered the Desolation of Salt
 54098 | Desolati | Identified the +7 long sword of Beyond {protect, Will+}
 54103 | Desolati | Identified the ring "Ekilafee" {rElec MP+9 Str+3}
 54106 | Desolati | Identified the amulet "Puruwkiv" {RegenMP rC+}
 54108 | Desolati | Identified the +1 war axe "Aptaywal" {spect, rN+ rCorr
                  | Dex-4 Stlth+}
 54325 | Desolati | Identified the +1 robe of Vampiric Thralls {Drain Regen+
                  | Int+3}
 54655 | Desolati | Identified the +7 shortbow "Earthworm" {antimagic, rF+
                  | Str+3 Int+3}
 54661 | Desolati | Identified the +9 war axe of Distant Worlds {holy, *Noise
                  | rElec rCorr Int+3}
 54770 | Desolati | Reached skill level 10 in Unarmed Combat
 55606 | Vaults:3 | Identified the +1 scale mail of Nemelex Xobeh's Hatred
                  | {*Slow rF+ Str+4 Int+3}
 55748 | Vaults:3 | Reached XP level 24. HP: 168/188 MP: 0/0
 56820 | Vaults:3 | Found a staircase to the Crypt.
 57514 | Vaults:4 | Identified the +0 tower shield of Zin's Hope {Str+3}
 57514 | Vaults:4 | Noticed Mennas
 57554 | Vaults:4 | Reached skill level 21 in Fighting
 58978 | Lair:4   | Killed boo's ghost
 59290 | Spider:1 | Reached XP level 25. HP: 188/197 MP: 0/0
 59290 | Spider:1 | Learned a level 8 spell: Infestation
 59315 | Spider:1 | Killed Oxoag's ghost
 59346 | Spider:1 | Identified the +2 helmet of Heresy {+Inv Will++ Int+2
                  | Dex-4}
 59908 | Depths:1 | Entered Level 1 of the Depths
 60488 | Depths:1 | Found a sacrificial altar of Ru.
 60517 | Depths:1 | Found a gateway to Hell.
 60571 | Depths:1 | Found a one-way gate to the infinite horrors of the Abyss.
 60608 | Depths:1 | Found a one-way gateway to a ziggurat.
 60918 | Depths:1 | Found a runed translucent door.
 61155 | Depths:1 | Found Kaluuf's Magic Scroll Shoppe.
 61245 | Depths:1 | Bought a scroll of poison for 80 gold pieces
 61245 | Depths:1 | Bought a scroll of blinking for 150 gold pieces
 61743 | Depths:2 | Reached skill level 22 in Fighting
 62127 | Depths:2 | Found a burning altar of Makhleb.
 62134 | Depths:2 | Paralysed by a sphinx for 3 turns
 62159 | Depths:2 | Found a shimmering altar of Xom.
 62159 | Depths:2 | Found a shimmering altar of Xom.
 62159 | Depths:2 | Found a bloodstained altar of Trog.
 62379 | Depths:2 | Found the +7 great mace "Firestarter" {flame, inner flame,
                  | rFlCloud rF++}
 62755 | Depths:2 | Reached skill level 15 in Unarmed Combat
 62989 | Depths:2 | Reached XP level 26. HP: 195/206 MP: 0/0
 63197 | Depths:2 | Found a one-way gate leading to the halls of Pandemonium.
 63371 | Depths:3 | Found the +8 storm bow {elec, penet}
 63970 | Depths:3 | Found a white marble altar of Elyvilon.
 64144 | Depths:3 | Identified the +6 long sword of Salt {venom, rF+}
 64785 | Depths:4 | Entered Level 4 of the Depths
 64842 | Depths:4 | Identified the +8 falchion of the Lost Planets {drain,
                  | rPois rCorr Int+3}
 65610 | Depths:4 | Found a shimmering altar of Xom.
 66166 | Depths:4 | Reached skill level 23 in Fighting
 66569 | Depths:4 | Found a gate to the Realm of Zot.
 67181 | Swamp:4  | Killed Ozxa's ghost
 67184 | Swamp:4  | Identified the ring of Wisdom {rPois rN+ rCorr AC+4 Int-5}
 67505 | Vaults:4 | Killed Mennas
 67635 | Vaults:5 | Entered Level 5 of the Vaults
 67645 | Vaults:5 | Reached XP level 27. HP: 125/215 MP: 0/0
 67645 | Vaults:5 | Learned a level 9 spell: Polar Vortex
 68590 | Vaults:5 | Identified the +0 chain mail of Hojohaom {+Inv Int+2
                  | Stlth+}
 68593 | Vaults:5 | Identified the +1 scimitar of Fate {heavy, +Blink}
 69026 | Vaults:5 | Identified the +6 shortbow of Dullness {speed, rPois}
 69633 | Vaults:5 | Got a silver rune of Zot
 69790 | Vaults:5 | Identified the +1 robe "Rieps" {Dex+2 Archmagi}
 69813 | Vaults:5 | Identified the +1 leather armour of Keup {rPois rC- Int+3}
 69841 | Vaults:5 | Found the +3 warlock's mirror {omnireflect}
 69852 | Vaults:5 | Identified the amulet "Ihywouka" {Faith rN+ Will+++ Str-5
                  | Slay-3}
 69853 | Vaults:5 | Identified the +9 scale mail "Emiupeip" {Dex+2 Stlth+}
 71061 | Slime:1  | Entered Level 1 of the Pits of Slime
 71066 | Slime:1  | Reached skill level 24 in Fighting
 72527 | Slime:5  | Entered Level 5 of the Pits of Slime
 73056 | Slime:5  | Noticed the Royal Jelly
 73259 | Slime:5  | Found a viscous altar of Jiyva.
 73643 | Slime:5  | Killed the Royal Jelly
 73810 | Slime:5  | Identified the +0 scale mail of the Hunter {*Slow +Blink
                  | Str+2}
 73833 | Slime:5  | Identified the +3 longbow "Undertaker" {freeze, rF+ rCorr
                  | Str-5 Dex+4}
 73852 | Slime:5  | Got a slimy rune of Zot
 73875 | Slime:5  | Identified the +0 longbow "Ikhumaf" {antimagic, rPois rF-
                  | Int-2 Dex+7}
 73886 | Slime:5  | Identified the ring "Xuacegim" {rElec rCorr}
 73893 | Slime:5  | Identified the ring of False Pretenses {rF+ rC- rN+ rCorr
                  | AC+4}
 73897 | Slime:5  | Identified the +1 ring mail of Wakinoxe {rElec Dex-5 SInv
                  | Stlth+}
 74667 | Zot:1    | Entered Level 1 of the Realm of Zot
 75922 | Zot:1    | Noticed a Killer Klown
 75927 | Zot:1    | Killed a Killer Klown
 76150 | Zot:1    | Noticed a Killer Klown
 76175 | Zot:1    | Killed a Killer Klown
 76176 | Zot:1    | Reached skill level 25 in Fighting
 76543 | Zot:2    | Noticed a Killer Klown
 76735 | Zot:1    | Killed a Killer Klown
 77347 | Zot:2    | You are sucked into a shaft and drop 2 floors!
 77561 | Zot:3    | Upgraded the game from 0.30-a0-760-g5a9884bb7c to
                  | 0.30-a0-772-g5528072125
 77670 | Zot:3    | Noticed an orb of fire
 77688 | Zot:3    | Identified the +0 pair of gloves of the Bells {rC+ rN+ MP+9
                  | Str-2}
 77798 | Zot:2    | Noticed an orb of fire
 78195 | Zot:3    | Noticed a dread lich
 78701 | Zot:3    | Killed an orb of fire
 79417 | Zot:4    | Reached skill level 26 in Fighting
 79663 | Zot:4    | Acquired a ring of see invisible
 80350 | Zot:5    | Entered Level 5 of the Realm of Zot
 80570 | Zot:5    | Found a transporter.
 80576 | Zot:5    | Found a transporter.
 80647 | Zot:5    | Found a transporter.
 80649 | Zot:5    | Found a transporter.
 80653 | Zot:5    | Found a transporter.
 80657 | Zot:5    | Found a transporter.
 80741 | Zot:5    | Noticed a dread lich
 80751 | Zot:5    | Found a runed translucent door.
 80751 | Zot:5    | Found a shimmering altar of Xom.
 80751 | Zot:5    | Noticed Bealaq's ghost (legendary GnFE)
 80816 | Zot:5    | Killed a dread lich
 80833 | Zot:5    | Noticed a Killer Klown
 80836 | Zot:5    | Noticed a Killer Klown
 80848 | Zot:5    | Noticed an orb of fire
 80855 | Zot:5    | Noticed an orb of fire
 80857 | Zot:5    | Killed a dread lich
 80862 | Zot:5    | Killed a dread lich
 80867 | Zot:5    | Killed a Killer Klown
 80872 | Zot:5    | Noticed a Killer Klown
 80876 | Zot:5    | Killed an orb of fire
 80970 | Zot:5    | Killed a Killer Klown
 80977 | Zot:5    | Noticed a Killer Klown
 80986 | Zot:5    | Killed a Killer Klown
 80991 | Zot:5    | Noticed an ancient lich
 80997 | Zot:5    | Killed an orb of fire
 81035 | Zot:5    | Noticed an ancient lich
 81110 | Zot:5    | Noticed a dread lich
 81115 | Zot:5    | Noticed a Killer Klown
 81241 | Zot:5    | Killed an ancient lich
 81252 | Zot:5    | Killed a dread lich
 81257 | Zot:5    | Killed a Killer Klown
 81269 | Zot:5    | Killed an ancient lich
 81449 | Zot:5    | Noticed a dread lich
 81451 | Zot:5    | Killed a dread lich
 81468 | Zot:5    | Noticed an ancient lich
 81807 | Zot:5    | Got the Orb of Zot
 82194 | D:15     | Noticed an ancient lich
 82198 | D:15     | Noticed Revat the pandemonium lord
 82199 | D:15     | Killed an ancient lich
 82205 | D:15     | Killed Revat the pandemonium lord
 82290 | D:13     | Noticed Dotsi the pandemonium lord
 82305 | D:13     | Killed Dotsi the pandemonium lord
 82661 | D:1      | Gained mutation: You have hidden genetic defects. [potion
                  | of mutation]
 82661 | D:1      | Gained mutation: You are agile. (Dex +4, Str/Int -1)
                  | [potion of mutation]
 82662 | D:1      | Lost mutation: You are agile. (Dex +4, Str/Int -1) [potion
                  | of mutation]
 82662 | D:1      | Lost mutation: You have hidden genetic defects. [potion of
                  | mutation]
 82662 | D:1      | Gained mutation: You are robust. (+10% HP) [potion of
                  | mutation]
 82662 | D:1      | Gained mutation: You have a pair of small horns on your
                  | head. [potion of mutation]
 82664 | D:$      | Escaped with the Orb!

Illustrated notes

Levels and vault maps discovered:
D:1:      noname_arrival_rooms_in_the_neighbourhood, layout_basic,
          dreamdust_princess_corridor
D:2:      layout_rooms, reono_crystal_passage, minmay_strange_pillars,
          minmay_misc_feat_pillars, minmay_circle_x
D:3:      layout_basic, nicolae_overflow_crystal_walls,
          shapermc_ecumenical_altar_venn, corner_web_ring, uniq_terence,
          uniq_sigmund
D:4:      layout_gridville, amcnicky_altar_gilded, kennysheep_mini_moat,
          minmay_temple_entry_glass
D:5:      minmay_inner_zag, layout_cave_pools, serial_shops,
          nicolae_square_shop, shop, nicolae_shop_bloodbath_and_beyond,
          nicolae_shop_waterfront
D:6:      layout_basic
D:7:      layout_cave_pools, fedhas_altar_2, minmay_crossroads, uniq_pikel
D:8:      layout_loops_cross, minmay_small_thing
D:9:      layout_gridville, overflow_temple_1_default
D:10:     layout_basic, lair_entry_dummy, david_orc_3
D:11:     layout_loops_corners
D:12:     minmay_nested_s, layout_basic, serial_shops, nicolae_square_shop,
          serial_co_window_serial, co_window_corner_a, co_window_paths_a,
          co_window_paths_b, co_window_corner_a, co_window_paths_b,
          co_window_corner_b, co_window_corner_b, co_window_unsneaky_path_b,
          co_window_paths_e
D:13:     cheibrodos_statue_roulette, layout_cave_pools, erik_vaults_2,
          gammafunk_ghost_split, serial_co_window_serial, co_window_corner_a,
          co_window_corner_a, co_window_paths_b, co_window_paths_a,
          co_window_paths_b, co_window_broadway_b, co_window_paths_c,
          co_window_corner_ca, co_window_paths_c, co_window_paths_e,
          glass_columns_b, glass_columns_b, glass_columns_c, glass_columns_b,
          glass_columns_c, minmay_bent
D:14:     nicolae_cairo_tiling, layout_basic, grunt_decor_clamped,
          hellmonk_ghost_happy_afterlife, st_stairs_1, minivault_21,
          serial_bayou_pond_e, blue_anna_alchemist
D:15:     grunt_enter_depths_snipers, layout_basic, serial_shops,
          nicolae_shop_trees, nicolae_shop_statue_plus
Temple:   minmay_temple_bridge_d
Lair:1:   layout_cave_pods, st_stairs_9, uniq_gastronok
Lair:2:   gammafunk_cloud_chamber, layout_regular_city,
          infiniplex_staircase_pool, grunt_megastairs_5, lemuel_fruit_tree
Lair:3:   layout_misc_corridors, nicolae_swamp_entry_splash_gauntlet,
          dummy_spider_entry, chequers_serial_rivers_large_a, st_stairs_11,
          grunt_megastairs_1
Lair:4:   layout_regular_city, gammafunk_ghost_ooze, nzn_random_ring
Lair:5:   gammafunk_lair_ancient_temple, layout_cave_pods,
          dpeg_slime_entry_enclosed, enter_volcano_1,
          nzn_masters_of_martial_movement
Swamp:1:  layout_falls_marsh, nicolae_swamp_rocky_clearing
Swamp:2:  layout_basic_swamp, evilmike_swamp_ruin_house_1, swamp_pool5,
          uniq_frances
Swamp:3:  layout_falls_marsh, nicolae_swamp_tree_isthmus, grunt_hermit_hut,
          infiniplex_staircase_pool_2
Swamp:4:  swamp_old_school, layout_basic_swamp, gammafunk_ghost_grave,
          swamp_pool2
Spider:1: layout_spider_delve, gammafunk_ghost_berserking_beasts, uniq_roxanne
Spider:2: nicolae_spider_corner, nicolae_arachne_temple
Spider:3: layout_chambers, hangedman_spider_tarantella_strand, uniq_asterion,
          uniq_kirke
Spider:4: spider_rune_water, guppyfry_spider_mini_3, uniq_mara
Slime:1:  layout_caves, cheibrodos_slime_lost_civilization_5
Slime:2:  layout_caves, nicolae_slime_crime_time
Slime:3:  layout_caves, cheibrodos_slime_lost_civilization_7
Slime:4:  layout_caves
Slime:5
Orc:1:    layout_caves
Orc:2:    st_orc_town, layout_diamond_mine, basic_altar, serial_shops, shop
Elf:1:    layout_gridlike, minmay_elf_sorcery, uniq_agnes
Elf:2:    elven_hall_of_blades_hangedman_original
          [nicolae_blade_entry_crossed_weapons], layout_loops_ring,
          enter_trove_2, corexii_leaking_fountain
Elf:3:    minmay_elf_hall_circle, layout_geoelf_octagon,
          portal_ice_cave_entry_frozen_things, serial_shops, shop, uniq_nikola,
          uniq_louise
Vaults:1: vaults_dpeg_cross, ontoclasm_vaults_gateway, ontoclasm_vaults_fault,
          v_rooms_1, vaults_mumra_hexcomb, nicolae_vaults_little_ls,
          nicolae_vaults_disjoint_gnomons, nicolae_vaults_octagons, v_pattern_2,
          hangedman_vaults_trim, v_misc_19, layout_vaults_omnicross,
          serial_shops, shop, nicolae_shop_advertising_works
          [nicolae_subvault_shop_adworks]
Vaults:2: nicolae_vaults_disjoint_gnomons, grunt_vaults_focal,
          ontoclasm_vaults_spin, v_misc_28, vaults_dpeg_doors,
          nicolae_vaults_circle_grid_a, vaults_room_pool,
          ontoclasm_vaults_idyll, nicolae_vaults_murderbox,
          vaults_dpeg_encased_lava, nicolae_vaults_network_star, v_pattern_5,
          ontoclasm_vaults_tryst, ontoclasm_vaults_ring_square,
          dpeg_vaults_monster_row, vaults_dpeg_diagonal,
          layout_vaults_maze_bifur
Vaults:3: portal_desolation_entry_nicolae_slug, st_lines,
          minmay_crypt_entry_simple_walls, vaults_standard_mumra_lines,
          hangedman_vaults_hat, hangedman_vaults_variations,
          hangedman_vaults_stagger, hangedman_vaults_snaps,
          dpeg_vaults_monster_box, layout_vaults_omnigrid
Vaults:4: nicolae_vaults_puzzle_piece, vaults_standard_mumra_x,
          vaults_dpeg_spiral, hangedman_vaults_cutoff,
          nicolae_vaults_quartermaster, nicolae_vaults_gold_heap,
          hangedman_vaults_capsules, ontoclasm_vaults_hangar,
          layout_vaults_big_room, uniq_mennas
Vaults:5: serial_shops
Depths:1: mu_elephants_graveyard, layout_gridville, enter_ziggurat_c,
          abyss_entry_crystal, hell_entry, lemuel_coloured_pillars_altar,
          serial_shops, nicolae_shop_statue_plus, wad_hexagon
Depths:2: minmay_the_grid_octo_tiled_squarecenter [minmay_the_grid_octo_77,
          minmay_the_grid_octo_empty, minmay_the_grid_octo_clover_2,
          minmay_the_grid_octo_shrine,
          minmay_the_grid_square_5x5_megaprize_checkered,
          minmay_the_grid_square_5x5_pentomino_r,
          minmay_the_grid_square_5x5_corner,
          minmay_the_grid_square_5x5_half_checkered,
          minmay_the_grid_square_5x5_inner_z], layout_long_grid,
          pf_hell_entry_tar_river, rand_demon_pan_entry_1, abyss_entry,
          minmay_staircase_windowed_small
Depths:3: lemuel_flame_loot_2, layout_cave_pools, hell_entry,
          minmay_room_of_horrors, elyvilon_altar_3
Depths:4: grunt_bruiser_brothers, layout_gridlike, grunt_mini_vestibule,
          xom_teletrap_fun, pan_entry
Zot:1:    grunt_zot_stairs_faceoff, layout_gridlike, grunt_megastairs_3
Zot:2:    layout_misc_corridors
Zot:3:    hangedman_snap_crack_crunch, layout_concentric_octagons
Zot:4:    layout_misc_corridors, st_stairs_3, grunt_megastairs_4
Zot:5:    layout_misc_corridors, ebering_ghost_xom, serial_nicolae_subway,
          nicolae_sub_station_stone, nicolae_sub_station_metal,
          nicolae_sub_station_crystal

Skill      XL: |  1  2  3  4  5  6  7  8  9 10 11 12 13 14 15 16 17 18 19 20 21 22 23 24 25 26 27 |
---------------+----------------------------------------------------------------------------------+-----
Fighting       | 1 2 3 4 5 7 8 9 10 12 14 15 16 17 18 19 20 21 22 23 26 | 26.9
Spellcasting   | 3 4 5 7 8 9 10 11 12 13 15 16 17 18 19 20 22 | 22.8
Armour         | 3 5 7 8 9 |  9.0
Evocations     | 3 5 7 9 10 11 13 | 13.0
Dodging        | 4 6 8 9 10 11 12 | 12.2
Short Blades   | 3 5 |  5.9
Stealth        | 3 5 8 |  8.7
Polearms       | 2 5 6 8 9 |  9.8
Shields        | 5 10 11 | 11.0
Unarmed Combat | 11 13 15 16 21 | 21.9

Action                     |  1- 3 |  4- 6 |  7- 9 | 10-12 | 13-15 | 16-18 | 19-21 | 22-24 | 25-27 || total
---------------------------+-------+-------+-------+-------+-------+-------+-------+-------+-------++-------
  Melee: Dagger            |    11 |    53 |   116 |       |       |       |       |       |       ||   180
         Punch             |       |     1 |     3 |     9 |     7 |     9 |     4 |    18 |    73 ||   124
         Short sword       |       |       |    52 |   365 |   633 |       |       |       |       ||  1050
         Demon trident     |       |       |       |       |   358 |  1014 |   670 |   714 |   405 ||  3161
         Unarmed           |       |       |       |       |       |       |       |   521 |  1499 ||  2020
  Throw: Dart              |       |       |       |     1 |       |     4 |       |       |       ||     5
   Cast: Magic Dart        |    85 |   105 |   223 |   201 |   163 |       |     2 |     1 |       ||   780
         Mephitic Cloud    |       |     3 |    13 |    24 |    60 |    39 |    25 |    17 |     1 ||   182
         Poisonous Vapours |       |     1 |     2 |    15 |   115 |   265 |    44 |    13 |       ||   455
         Summon Guardian G |       |       |    10 |    12 |    15 |     7 |     2 |       |     4 ||    50
         Call Imp          |       |       |    10 |     9 |     2 |       |       |       |       ||    21
         Blink             |       |       |     1 |     1 |     3 |     3 |     3 |     1 |     3 ||    15
         Manifold Assault  |       |       |       |    36 |   139 |   200 |   119 |   381 |   915 ||  1790
         Agony             |       |       |       |       |    11 |     2 |     1 |     1 |       ||    15
         Iron Shot         |       |       |       |       |    38 |   173 |   304 |    88 |   114 ||   717
         Ozocubu's Refrige |       |       |       |       |       |    34 |   131 |   111 |   193 ||   469
         Haunt             |       |       |       |       |       |       |     7 |     9 |     5 ||    21
         Storm Form        |       |       |       |       |       |       |       |    31 |   107 ||   138
         Infestation       |       |       |       |       |       |       |       |       |     3 ||     3
         Portal Projectile |       |       |       |       |       |       |       |       |     3 ||     3
         Apportation       |       |       |       |       |       |       |       |       |     2 ||     2
 Invoke: Call Merchant     |       |       |       |       |     1 |       |     1 |     2 |       ||     4
         Potion Petition   |       |       |       |       |       |     9 |     3 |     5 |     5 ||    22
         Bribe Branch      |       |       |       |       |       |       |       |       |     5 ||     5
Ability: Blinkbolt         |       |       |       |       |       |       |       |    12 |    10 ||    22
         End Transformatio |       |       |       |       |       |       |       |     1 |     3 ||     4
  Evoke: Wand              |       |       |       |       |       |     5 |     3 |       |     2 ||    10
         Tin of tremorston |       |       |       |       |       |       |       |       |     2 ||     2
         Phial of floods   |       |       |       |       |       |       |       |       |     1 ||     1
         Condenser vane    |       |       |       |       |       |       |       |       |     1 ||     1
         Phantom mirror    |       |       |       |       |       |       |       |       |     1 ||     1
    Use: Potion            |     1 |       |       |     1 |     2 |    11 |     2 |     6 |    15 ||    38
         Scroll            |       |       |    16 |     7 |     6 |     9 |     9 |     6 |    18 ||    71
   Stab: Sleeping          |       |     1 |     2 |     2 |     1 |     3 |     4 |     4 |     1 ||    18
         Confused          |       |     1 |     6 |    16 |    25 |    14 |     9 |    18 |       ||    89
         Distracted        |       |       |       |     4 |     6 |     3 |     4 |    10 |     7 ||    34
         Held in net/web   |       |       |       |       |       |     1 |       |       |       ||     1
 Armour: Robe              |     4 |     7 |    51 |    86 |   141 |       |       |       |       ||   289
         Ring mail         |       |       |       |       |    80 |   549 |   203 |   133 |   114 ||  1079
         Skin              |       |       |       |       |       |    31 |     6 |    51 |   168 ||   256
  Dodge: Dodged            |    13 |    46 |   113 |   185 |   488 |   743 |   265 |   374 |   666 ||  2893
  Block: Other             |       |       |       |    10 |       |       |       |       |       ||    10
         Buckler           |       |       |       |       |       |       |    12 |       |    38 ||    50
         Kite shield       |       |       |       |       |       |       |    79 |   234 |    92 ||   405
         Reflection        |       |       |       |       |       |       |       |       |    12 ||    12

Table legend: (Time is in decaauts)
 A = Elapsed time spent in this place.
 B = Non-inter-level travel time spent in this place.
 C = Inter-level travel time spent in this place.
 D = Time resting spent in this place.
 E = Time spent auto-exploring this place.
 F = Levels seen in this place.
 G = Mean time per level.
                   A        B        C        D        E       F      G
               +--------+--------+--------+--------+--------+-----+--------+
         Total |  82103 |  73924 |   8179 |  11375 |  39374 |  56 | 1466.1 |
       Dungeon |  20305 |  17349 |   2956 |   1525 |  11726 |  15 | 1353.7 |
        Temple |    142 |    120 |     22 |      0 |    103 |   1 |  142.0 |
          Lair |   8655 |   7123 |   1532 |    944 |   3697 |   5 | 1731.0 |
         Swamp |   4605 |   4301 |    304 |   1033 |   1880 |   4 | 1151.2 |
   Spider Nest |   9510 |   8494 |   1016 |   2453 |   3105 |   4 | 2377.5 |
    Slime Pits |   3161 |   2939 |    222 |    347 |   1537 |   5 |  632.2 |
  Orcish Mines |   2108 |   1953 |    155 |     68 |    784 |   2 | 1054.0 |
   Elven Halls |   5162 |   4822 |    340 |   1077 |   2298 |   3 | 1720.7 |
        Vaults |  10898 |  10121 |    777 |    863 |   6428 |   5 | 2179.6 |
        Depths |   6998 |   6470 |    528 |    956 |   3860 |   4 | 1749.5 |
           Zot |   7080 |   6758 |    322 |   1297 |   2961 |   5 | 1416.0 |
      Ice Cave |   1481 |   1481 |      0 |    482 |    541 |   1 | 1481.0 |
       Volcano |    500 |    500 |      0 |    123 |     67 |   1 |  500.0 |
    Desolation |   1492 |   1492 |      0 |    204 |    385 |   1 | 1492.0 |
               +--------+--------+--------+--------+--------+-----+--------+

Top non-repeatable levels by time:
Spider:1: 3584 daAuts
    D:12: 2749 daAuts
Vaults:4: 2421 daAuts
Vaults:1: 2288 daAuts
Vaults:2: 2234 daAuts
   Elf:3: 2229 daAuts
Depths:4: 2126 daAuts
   Zot:1: 2100 daAuts
Spider:2: 2075 daAuts
Spider:4: 2035 daAuts
    D:13: 2017 daAuts
Vaults:3: 1997 daAuts
Vaults:5: 1955 daAuts
Depths:1: 1910 daAuts
Spider:3: 1814 daAuts
